 Dungeon Crawl Stone Soup version 0.24-a0-69-g55f8356 (webtiles) character file.

Game seed: 12963005373440067903

10 Blackhawk the Skirmisher (level 2, 0/24 HPs)
             Began as a Formicid Abyssal Knight on Feb 6, 2019.
             Was an Initiate of Lugonu.
             Succumbed to an adder's poison
             ... on level 1 of the Dungeon.
             The game lasted 00:01:17 (1173 turns).

Blackhawk the Skirmisher (Formicid Abyssal Knight)  Turns: 1173, Time: 00:01:17

Health: 0/24       AC:  3    Str: 16    XL:     2   Next: 30%
Magic:  3/3        EV: 10    Int: 11    God:    Lugonu [......]
Gold:   0          SH:  3    Dex: 10    Spells: 1/1 levels left

rFire    . . .     SeeInvis +   a - +1 hand axe
rCold    . . .     Gourm    .   j - +0 buckler
rNeg     . . .     Faith    .   b - +0 leather armour
rPois    .         Spirit   .   (helmet unavailable)
rElec    .         Reflect  .   (no cloak)
rCorr    .         Harm     .   (no gloves)
MR       .....                  (no boots)
Stlth    +.........             (no amulet)
HPRegen  0.08/turn              (no ring)
MPRegen  0.08/turn              (no ring)

@: lethally poisoned (0 -> -7)
A: permanent stasis, dig shafts and tunnels, four strong arms, antennae 3
a: Dig, Shaft Self, Renounce Religion


You were on level 1 of the Dungeon.
You worshipped Lugonu.
Lugonu was noncommittal.
You were not hungry.

You visited 1 branch of the dungeon, and saw 2 of its levels.
You visited the Abyss 1 time.

Inventory:

Hand Weapons
 a - a +1 hand axe (weapon)
Missiles
 e - 7 tomahawks (quivered)
Armour
 b - a +0 leather armour (worn)
 j - a +0 buckler (worn)
Scrolls
 d - a scroll of fear {unknown}
 h - a scroll of teleportation {unknown}
Potions
 g - a potion of flight {unknown}
 i - a potion of curing {unknown}
Comestibles
 c - 4 rations


   Skills:
 + Level 3.4 Fighting
 + Level 2.1 Axes
 + Level 2.4 Armour
 - Level 1.1 Dodging
 + Level 0.0 Shields
 + Level 2.4 Invocations


You had one spell level left.
You didn't know any spells.
Your spell library was empty.

Dungeon Overview and Level Annotations

Branches:
Dungeon (2/15)

Altars:

Annotations:
D:1 Natasha


Innate Abilities, Weirdness & Mutations

You cannot be hasted, slowed, berserked, paralysed or teleported.
You can dig through walls and to a lower floor.
Your four strong arms can wield two-handed weapons with a shield.
You have a pair of large antennae on your head. (SInv)


Message History

You feel sick. The adder completely misses you.
You feel sick.
You closely miss the adder. The adder bites you.
You are more poisoned.
The adder poisons you! The adder barely misses you.
You miss the adder.
You feel sick. The adder bites you.
* * * LOW HITPOINT WARNING * * *
You completely miss the adder.
* * * LOW HITPOINT WARNING * * *
You feel sick. The adder bites you.
* * * LOW HITPOINT WARNING * * *
The adder barely misses you.
You completely miss the adder. The adder misses you.
You miss the adder.
* * * LOW HITPOINT WARNING * * *
You feel sick. The adder misses you. The adder bites you.
* * * LOW HITPOINT WARNING * * *
You closely miss the adder.
You die...

.# ##############......#.### .#
#...........##......#.#..
.########...........##......#.#.#
....................##......#.#.#
..#######.#####......'......#.#.#
...(........###.######...#..#.#..
..............#......+...+..#.#..
..............########...#.......
..#..........55S@.........#.#...#
..#........##h########....#.'...'
..#..........{#...........#.#...#
###.......h5###...........###...#
#..........55...........'......
###............h.>........###...#
..........................# #...#
.(...........5............# #...#
..........................# #...#


You could see Natasha, an adder and 2 shadow imps.

Vanquished Creatures
  3 hobgoblins (D:1)
  A kobold (D:1)
  3 bats (D:1)
  A frilled lizard (D:1)
  3 rats (D:1)
11 creatures vanquished.

Notes
Turn   | Place    | Note
-------+----------+-------------------------------------------
     0 | Abyss:1  | Blackhawk the Formicid Abyssal Knight began the quest for
                  | the Orb.
     0 | Abyss:1  | Reached XP level 1. HP: 18/18 MP: 2/2
    72 | Abyss:1  | Noticed a chaos spawn
    84 | D:1      | Escaped the Abyss
   271 | D:1      | Reached skill level 1 in Dodging
   487 | D:1      | Reached XP level 2. HP: 6/24 MP: 3/3
  1151 | D:2      | Noticed Natasha
  1172 | D:1      | HP: 1/24 [adder (4)]
  1173 | D:1      | Succumbed to an adder's poison

Vault maps used:
D:1:      mrwooster_arrival_statue_3, layout_basic
D:2:      layout_loops_ring, uniq_natasha Abyss:1:

Skill      XL: |  1 |
---------------+----+-----
Dodging        | 1 |  1.1
Fighting       | |  3.4
Axes           | |  2.1
Armour         | |  2.4
Invocations    | |  2.4

Action                   || total
-------------------------++-------
Melee: Hand axe          ||    39
Invok: Depart the Abyss  ||     1
  Eat: Chunk             ||     1
Armor: Leather armour    ||     9
Dodge: Dodged            ||    29

Table legend:
 A = Non-vault XP
 B = Vault XP
 C = Vault XP percentage of total XP
 D = Non-vault monster count
 E = Vault monster count
 F = Vault count percentage of total count
                 A         B        C        D         E       F
            +---------+---------+-------+---------+---------+-------
      Total |      15 |       0 |   0.0 |      11 |       0 |   0.0
            +---------+---------+-------+---------+---------+-------
        D:1 |      15 |       0 |   0.0 |      11 |       0 |   0.0
            +---------+---------+-------+---------+---------+-------
